Map: Usina Ácida LE

Players

nOChInOOb - Winner!

  • Race: Zerg Zerg
  • League: Platinum
  • Spawn Location: 5:00

DERKY

  • Race: Zerg Zerg
  • League: Grandmaster
  • Spawn Location: 11:00

VOD

Have the link to the VOD?

Description

Time

  • Played on: Aug. 2, 2018, 11:22 a.m.
  • Length: 2:28
Show
View Real Time Build Order
Export as new Build Order

nOChInOOb Zerg - Winner!

Build Orders: Pool Only 

Get SALT Encoding   

  12  0:01  Drone  
  13  0:10  Drone  
  14  0:27  Spawning Pool  
  13  0:31  Drone  
  14  0:39  Overlord  
  14  0:56  Extractor  
  13  0:59  Drone  
  14  1:14  Zergling x6  
  14  1:16  Queen  
  19  1:25  Zergling x2  
  20  1:35  Zergling x2  
  21  1:44  Baneling Nest  
  21  1:46  Overlord  
  20  1:58  Zergling x2  
  19  2:09  Zergling x2  
  19  2:12  Spine Crawler  
Show
View Real Time Build Order
Export as new Build Order

DERKY Zerg 

Build Orders: Pool Only 

Get SALT Encoding   

  12  0:20  Spawning Pool  
  11  0:22  Drone  
  11  0:26  Drone  
  13  0:31  Drone  
  14  0:40  Overlord  
  14  1:07  Zergling x6  
  17  1:17  Zergling x2  
  18  1:28  Zergling x2  
  19  1:40  Zergling x2  
  20  1:50  Zergling x2  
Tags
 
Add a new tag
Caveats
  • Supply blocks, unpowered buildings, or Contaminate may cause inaccurate times.
  • Supply counts are checked every 10 seconds.